[Event "FRA-ch Teams Top 16-Bas 2022"]
[Site "Chartres"]
[Date "2022.06.19"]
[Round "11.32"]
[White "Coriat, Caroline"]
[Black "Gennesseaux, Gabrielle"]
[Result "1-0"]
[ECO "D05"]
[WhiteElo "1752"]
[BlackElo "1794"]
[Annotator "NA RC"]
[PlyCount "89"]
[EventDate "2022.06.16"]
[EventType "team-tourn"]
[EventCountry "FRA"]
[SourceTitle "playchess.com"]
[Source "ChessBase"]
[SourceQuality "1"]
[TimeControl "40/5400+30:1800+30"]

1. Nf3 e6 2. d4 Nf6 3. e3 c5 4. Bd3 Nc6 5. Nbd2 d5 6. c3 Bd6 7. O-O O-O 8. Re1 c4 9. Bc2 b5 10. e4 dxe4 11. Nxe4 Be7 12. Qe2 a6 13. Nxf6+ Bxf6 14. Qe4 g6 15. Qxc6 Rb8 16. Bf4 Rb6 17. Qc7 Bb7 18. Qxd8 Bxd8 19. Be4 a5 20. Bxb7 Rxb7 21. Bd6 Re8 22. a3 Bb6 23. Rad1 Rd8 24. Be5 Kf8 25. Bf6 Rc8 26. d5 exd5 27. Rxd5 Bc5 28. Red1 Rbb8 29. Rd8+ Rxd8 30. Rxd8+ Rxd8 31. Bxd8 a4 32. Ba5 Ke8 33. Nd4 Bxd4 34. cxd4 Ke7 35. Kf1 Ke6 36. Ke2 Kd5 37. Bc3 Ke4 38. f3+ Kd5 39. Ke3 h5 40. h4 f6 41. Kf4 Kd6 42. Ke4 Ke6 43. d5+ Ke7 44. Bb4+ Kd7 45. Kd4 1-0